 Dungeon Crawl Stone Soup version 0.16.1-29-g3e760ad (webtiles) character file.

481432 ztt the Executioner (level 23, -7/223 HPs)
             Began as a Minotaur Fighter on June 9, 2015.
             Was the Champion of Okawaru.
             Mangled by a spriggan rider
             ... wielding a +0 spear
             ... led by a spriggan berserker
              (9 damage)
             ... on level 2 of the Depths on June 10, 2015.
             The game lasted 02:11:53 (51579 turns).

ztt the Executioner (Minotaur Fighter)             Turns: 51579, Time: 02:11:53

Health: -7/223     AC: 39    Str: 34    XL:     23   Next: 42%
Magic:  44/44      EV: 17    Int:  5    God:    Okawaru [******]
Gold:   5021       SH: 21    Dex: 26    Spells: 0 memorised, 22 levels left

rFire  + + .     SeeInvis +     Z - +8 broad axe of Sugafes {vamp, rPois rC- Dex+2}
rCold  . . .     Clarity  .     R - +10 plate armour of the Blue Moon {rPois rF+ rC- MP+9 SInv}
rNeg   . . .     SustAb   .     K - +2 shield of Resistance {rF+ rC+ MR+}
rPois  +         Gourm    +     O - +2 hat {MR+}
rElec  .         Spirit   .     B - +2 cloak {MR+}
rCorr  +         Warding  .     i - +1 pair of gloves "Bifi" {rCorr Dex+7}
rMut   .         Stasis   .     V - +2 pair of boots {Stlth+}
MR     +++++                    o - amulet of the gourmand
Stlth  ..........               v - ring of Putsyngi {MR++ Str+4 Dex+6 Stlth-}
                                G - ring of protection from cold

@: lost intelligence, very slow, almost entirely resistant to hostile
enchantments, extremely unstealthy
A: retaliatory headbutt, horns 2
a: Heroism, Finesse, Renounce Religion
}: 3/15 runes: decaying, silver, gossamer


You were on level 2 of the Depths.
You worshipped Okawaru.
Okawaru was exalted by your worship.
You were very full.

You visited 8 branches of the dungeon, and saw 47 of its levels.
You visited the Abyss 1 time.
You also visited: Ossuary.

You collected 5390 gold pieces.
You spent 369 gold pieces at shops.

Inventory:

Hand weapons
 e - the +14 obsidian axe {chop, +Fly Str+3 SInv Curse}
   (Okawaru gifted it to you on level 5 of the Vaults)

   It inflicts extra damage upon your enemies.
   It affects your strength (+3).
   It enhances your eyesight.
   It lets you fly.
   It may re-curse itself when equipped.
 H - a +9 broad axe of flaming
 Z - the +8 broad axe of Sugafes (weapon) {vamp, rPois rC- Dex+2}
   (You took it off a deep elf sorcerer on level 3 of the Elven Halls)

   It inflicts no extra harm, but heals its wielder somewhat when it strikes a
   living foe.
   It affects your dexterity (+2).
   It makes you vulnerable to cold.
   It protects you from poison.
Armour
 i - the +1 pair of gloves "Bifi" (worn) {rCorr Dex+7}
   (You found it on level 3 of the Elven Halls)

   It affects your dexterity (+7).
   It protects you from acid and corrosion.
 B - a +2 cloak of magic resistance (worn)
 K - the +2 shield of Resistance (worn) {rF+ rC+ MR+}
   (You acquired it on level 8 of the Lair of Beasts)

   It protects you from fire.
   It protects you from cold.
   It affects your resistance to hostile enchantments.
 O - a +2 hat of magic resistance (worn)
 R - the +10 plate armour of the Blue Moon (worn) {rPois rF+ rC- MP+9 SInv}
   (Okawaru gifted it to you on level 4 of the Lair of Beasts)

   It protects you from fire.
   It makes you vulnerable to cold.
   It protects you from poison.
   It affects your magic capacity (+9).
   It enhances your eyesight.
 T - a +2 hat of see invisible
 V - a +2 pair of boots of stealth (worn)
Rods
 w - a +2 rod of shadows (14/14)
   (You took it off a deep elf annihilator on level 3 of the Elven Halls)
 X - a +1 rod of shadows (13/13)
   (You found it on level 4 of the Vaults)
Jewellery
 o - an amulet of the gourmand (around neck)
 u - the amulet of the Wild Haggis {Clar rN+ Dex+2 Slay-2}
   (You found it on level 8 of the Lair of Beasts)

   [amulet of clarity]

   It provides mental clarity.
   It affects your dexterity (+2).
   It affects your accuracy and damage with ranged weapons and melee attacks
   (-2).
   It protects you from negative energy.
 v - the ring of Putsyngi (right hand) {MR++ Str+4 Dex+6 Stlth-}
   (You took it off a deep elf sorcerer on level 3 of the Elven Halls)

   [ring of dexterity]

   It affects your strength (+4).
   It affects your dexterity (+6).
   It affects your resistance to hostile enchantments.
   It makes you less stealthy.
 A - an uncursed ring of flight
 G - a ring of protection from cold (left hand)
 S - an uncursed amulet of resist corrosion
Magical devices
 c - a wand of polymorph (5)
 y - a wand of disintegration (14)
 C - a wand of digging (8)
 L - a wand of teleportation (3)
 P - a wand of magic darts (22)
 Q - a wand of fireball (5)
Scrolls
 b - a scroll of holy word
 f - 13 scrolls of teleportation
 l - 8 scrolls of magic mapping
 q - 10 scrolls of identify
 t - 18 scrolls of remove curse
 D - a scroll of silence
 E - 5 scrolls of enchant armour
 I - 10 scrolls of recharging
 J - 14 scrolls of fear
 U - 3 scrolls of blinking
 Y - 10 scrolls of fog
Potions
 g - 3 potions of berserk rage
 h - 5 potions of brilliance
 j - 4 potions of flight
 k - 5 potions of cancellation
 m - 6 potions of invisibility
 n - 2 potions of restore abilities
 p - a potion of cure mutation
 s - 11 potions of haste
 x - 15 potions of curing
 z - 2 potions of resistance
 F - 7 potions of agility
 M - 4 potions of magic
 W - 4 potions of might
Books
 N - Cigotuvi's Reference Book on Stolen Souls
   (You found it on level 5 of the Vaults)

   Spells                             Type                      Level
   a - Pain                           Necromancy                   1
   b - Sublimation of Blood           Necromancy                   2
   c - Excruciating Wounds            Charms/Necromancy            5
   d - Death Channel                  Necromancy                   6
Comestibles
 a - 4 meat rations
 d - 22 bread rations


   Skills:
 + Level 22.0 Fighting
 + Level 26.8 Axes
 + Level 15.9 Armour
 + Level 8.6 Dodging
 + Level 1.9 Stealth
 + Level 21.3 Shields
 + Level 2.1 Invocations
 * Level 15.6 Evocations


You had 22 spell levels left.
You didn't know any spells.

Dungeon Overview and Level Annotations

Branches:
Dungeon (15/15)            Temple (0/1) D:7            Lair (8/8) D:11
  Swamp (5/5) Lair:3       Spider (5/5) Lair:4        Slime (0/6) Lair:8
    Orc (4/4) D:9             Elf (3/3) Orc:4        Vaults (5/5) D:14
  Crypt (0/3) Vaults:2     Depths (2/5) D:15

Altars:
Ashenzari
Dithmenos
Elyvilon
Gozag
Kikubaaqudgha
Makhleb
Nemelex Xobeh
Okawaru
Qazlal
Ru
Sif Muna
Trog
Vehumet
Xom
Yredelemnul
Zin
Jiyva
Lugonu

Shops:
D:11 :   D:15 *   Orc:4 (*::   Vaults:2 }   Vaults:3 %

Portals:
Hell: Depths:1

Annotations:
D:7 1 runed door
Lair:2 exclusion: oklob plant
Lair:5 exclusion: oklob plant
Elf:2 1 exclusion


Innate Abilities, Weirdness & Mutations

You reflexively headbutt those who attack you in melee.
You have a pair of horns on your head.


Message History

The spriggan rider completely misses you.
Unknown command.
Read which item? (? for menu, Esc to quit)
You almost manage to decipher the scroll, but fail in this attempt.
You block the hell beast's attack. The hell beast barely misses you.
The death yak rages.
You block the spriggan rider's attack.
The shadow wraith hits you but does no damage.
You block the Brimstone Fiend's attack. The Brimstone Fiend closely misses you.
The Brimstone Fiend hits you but does no damage.
The hell beast barely misses you. The hell beast closely misses you.
You block the deep troll's attack. The deep troll misses you.
You block the deep troll's attack.
The deep elf knight casts a spell.
The deep elf knight seems to speed up.
You block the lich's attack. You block the dire elephant's attack.
The dire elephant trunk-slaps you.
* * * LOW HITPOINT WARNING * * *
The spriggan rider barely misses you.
The spriggan rider hits you from afar with a spear!
You die...

.........## ....
.........# ..........
....##................
....# ................
........#............ .
......#.........eC.# ...
........#.....#D1C8##....
......#......###1LTYh.....
........#.....#W@2iyx.....
......#.........YTi##.....
........#...(.....i## .
......#.....?....W....
........#..............
#.....#..............?.
#.......#.............≈
##...##...............
#.####............


You could see a dire elephant, a Brimstone Fiend, an Ice Fiend, an ice dragon, a
hell beast, a lich, a spellforged servitor, a death yak (berserk), 2 spriggan
riders, 2 hill giants, 2 deep trolls, a shadow wraith (invisible), a spriggan
berserker (berserk), a deep elf knight (invisible), a polar bear (berserk), an
unseen horror shaped shifter (invisible), a phantom and a wasp.

Vanquished Creatures
  2 ancient liches (Vaults:5)
  Sojobo (Depths:1)
  Saint Roka (Vaults:1)
  Mara (Vaults:2)
  2 golden dragons (Vaults:5)
  Jory (Vaults:3)
  A bone dragon (Swamp:5)
  A tentacled monstrosity (Vaults:5)
  2 quicksilver dragons (Vaults:5)
  2 deep elf blademasters (Elf:3)
  Asterion (Vaults:3)
  5 sphinxes
  2 titans (Vaults:5)
  2 deep elf master archers (Elf:3)
  A lich (Vaults:3)
  Rupert (Lair:5)
  3 storm dragons
  Kirke (Spider:1)
  7 shadow dragons
  7 tengu reavers
  A thorn hunter (Swamp:5)
  4 frost giants
  3 fire giants
  3 iron dragons (Vaults:5)
  Wiglaf (Swamp:2)
  16 vault wardens
  6 emperor scorpions
  Louise (D:15)
  A balrug (Elf:3)
  7 ghost moths
  6 deep elf sorcerers
  Gastronok (Lair:3)
  A caustic shrike zombie (Depths:1)
  18 ironheart preservers
  8 very ugly things
  11 stone giants
  A war gargoyle (Vaults:5)
  5 deep elf demonologists
  A vampire knight (Depths:1)
  9 deep elf annihilators
  A crystal guardian (Vaults:4)
  8 ettins
  5 deep elf death magi
  3 fire dragons
  28 vault guards
  A green death (Elf:3)
  2 jiangshi (Depths:2)
  2 great orbs of eyes (Depths:1)
  25 ogre magi
  4 rakshasas
  Fannar (D:12)
  2 deep elf high priests (Elf:3)
  10 yaktaur captains
  22 hydras
  4 catoblepae (Lair:8)
  10 alligators
  3 ghost crabs
  3 ice dragons
  The ghost of gornard the Thaumaturge, a powerful MfIE of Zin (Lair:3)
  3 deep troll earth magi
  An anaconda (shapeshifter) (Vaults:5)
  10 centaur warriors
  2 deep troll shamans (Depths:2)
  9 dancing weapons
  The ghost of Vojta the Quickloader, an experienced DDHu of Makhleb (D:8)
  A thrashing horror (Abyss:1)
  2 tengu warriors
  2 soul eaters
  17 death yaks
  4 vampire magi
  A shock serpent (shapeshifter) (Vaults:5)
  A spriggan berserker (Swamp:4)
  2 hell hogs (Depths:1)
  The ghost of Uberwunderbarhen the Transmogrifier, an experienced OpTm of Cheibriados (D:9)
  A storm dragon zombie (Vaults:2)
  A spriggan rider (Swamp:5)
  7 skeletal warriors
  The ghost of Vojta the Chopper, an experienced DDWr of Makhleb (D:11)
  14 deep elf knights
  An ice devil (Elf:3)
  3 fire crabs (shapeshifter)
  5 shadow wraiths
  An unseen horror (D:13)
  A golden dragon zombie (Depths:1)
  The ghost of SaintRoka the Grappler, an experienced NaCK of Xom (D:6)
  An unseen horror (shapeshifter) (Vaults:4)
  A deep troll (shapeshifter) (Vaults:5)
  11 deep elf summoners
  4 swamp dragons
  10 hill giants
  3 flayed ghosts
  17 deep trolls
  4 giant orange brains
  Erolcha (D:9)
  6 shambling mangroves
  2 anubis guards (shapeshifter)
  5 wolf spider zombies (Spider:4)
  6 spriggan druids
  A shadow dragon zombie (Depths:1)
  4 spectral hydras (Swamp:5)
  8 necromancers
  2 sphinx zombies
  12 ironbrand convokers
  A shining eye (shapeshifter) (Vaults:4)
  3 ugly thing zombies
  10 orc knights
  4 phantasmal warriors
  17 deep elf conjurers
  8 griffons
  20 orb spiders
  3 manticores
  42 wolf spiders
  A frost giant zombie (Depths:1)
  A sphinx skeleton (Vaults:2)
  2 stone giant zombies
  38 ugly things
  An orc sorcerer (Vaults:5)
  10 hornets
  A sixfirhy (Elf:3)
  3 centaur zombies
  A frost giant skeleton (Depths:1)
  9 cyclopes
  A stone giant skeleton (Depths:1)
  A centaur skeleton (D:13)
  A dire elephant zombie (Depths:1)
  14 elephants
  22 spiny frogs
  10 black mambas
  2 gargoyles
  5 torpor snails
  5 kobold demonologists
  A spiny frog (shapeshifter) (D:15)
  2 black mambas (shapeshifter)
  Psyche (D:13)
  3 emperor scorpion zombies (Depths:1)
  3 large abominations
  12 vault sentinels
  3 swamp worm zombies (Swamp:5)
  2 smoke demons
  A catoblepas zombie (Depths:1)
  9 komodo dragons
  A death yak zombie (Depths:1)
  22 demonic crawlers
  A spectral deep troll (Swamp:5)
  A hellion (Elf:3)
  50 yaktaurs
  A fire drake (Lair:6)
  14 deep elf priests
  An efreet (D:14)
  A fire drake (shapeshifter) (Depths:1)
  A tormentor (Vaults:5)
  3 redback zombies (Vaults:2)
  2 blue devils (Elf:3)
  A hellwing (D:14)
  A death yak skeleton (Depths:1)
  4 hydra zombies (Swamp:5)
  A red devil (Elf:3)
  37 jumping spiders
  7 giant leeches
  2 polar bears
  2 tengu conjurers
  15 trolls
  Sonja (Spider:1)
  A queen bee (D:11)
  9 freezing wraiths
  A wind drake (shapeshifter) (Vaults:2)
  72 slime creatures
  A stone giant simulacrum (Depths:1)
  14 bog bodies
  2 spectral swamp dragons (Swamp:5)
  4 alligator zombies (Swamp:5)
  2 spriggan zombies (Depths:1)
  19 ravens
  43 two-headed ogres
  27 blink frogs
  A fire dragon zombie (Depths:2)
  A trapdoor spider (shapeshifter) (Depths:1)
  A raven (shapeshifter) (Elf:3)
  2 shadows
  A minotaur skeleton (Depths:1)
  4 baby alligators (Swamp:2)
  An ice dragon zombie (Depths:1)
  A centaur simulacrum (D:14)
  3 air elementals (Depths:1)
  10 boulder beetles
  An ettin zombie (Depths:1)
  47 redbacks
  A spectral giant leech (Swamp:5)
  4 basilisks
  10 spriggans
  A fire dragon skeleton (Depths:1)
  97 yaks
  A tarantella (shapeshifter) (D:15)
  3 vampires
  25 trapdoor spiders
  2 hogs (shapeshifter)
  21 humans
  24 tarantellas
  8 wraiths
  An elf zombie (Depths:1)
  A ynoxinul (Elf:3)
  2 hill giant zombies (Depths:1)
  3 fire bats (D:12)
  30 deep elf magi
  An ettin skeleton (Vaults:2)
  2 chaos spawn
  A frost giant simulacrum (Vaults:1)
  4 hungry ghosts
  31 vampire mosquitoes
  A golden eye (shapeshifter) (Vaults:3)
  6 wolves
  16 hippogriffs
  4 hogs (Spider:1)
  10 wyverns
  A spectral raven (Swamp:4)
  A yaktaur simulacrum (Vaults:2)
  12 swamp worms
  2 mottled dragons
  A soldier ant (shapeshifter) (Depths:1)
  44 deep elf fighters
  Edmund (D:4)
  2 deep troll zombies
  A soldier ant (D:14)
  29 insubstantial wisps
  14 spiders
  22 water moccasins
  8 hell hounds (Depths:1)
  4 wargs
  2 deep troll skeletons
  A spectral snapping turtle (Swamp:5)
  10 wasps
  35 orc warriors
  An eye of draining (D:13)
  13 swamp drakes
  3 necrophages
  An ettin simulacrum (Vaults:2)
  A black bear (D:8)
  8 porcupines
  3 swamp dragon zombies (Swamp:5)
  26 crocodiles
  3 human skeletons (Vaults:2)
  A manticore zombie (Depths:2)
  A boggart (Vaults:3)
  A torpor snail zombie (Depths:1)
  5 ice beasts
  85 ogres
  6 phantoms
  A lost soul (Depths:1)
  5 boring beetles
  Duvessa (D:4)
  29 centaurs
  A yaktaur zombie (Depths:1)
  6 human zombies
  A brain worm (Lair:5)
  4 big kobolds
  24 giant frogs
  A wyvern skeleton (D:13)
  A glowing shapeshifter simulacrum (Vaults:3)
  14 scorpions
  27 killer bees
  2 small abominations (Abyss:1)
  5 electric eels
  Dowan (D:4)
  3 human simulacra
  6 crimson imps
  A quasit (D:7)
  2 two-headed ogre zombies (Depths:2)
  5 goliath beetles
  5 wights (D:13)
  32 orc priests
  2 giant frog skeletons (D:5)
  15 hounds
  10 iguanas
  3 jellies
  An iron imp (Abyss:1)
  2 spectral swamp drakes (Swamp:5)
  38 orc wizards
  3 hell rats
  11 worker ants
  An ogre zombie (Depths:2)
  38 sheep
  Ijyb (D:2)
  A hound zombie (D:11)
  Terence (D:3)
  12 mummies (Ossuary)
  A worker ant zombie (D:10)
  Robin (D:4)
  22 adders
  5 gnolls
  68 river rats
  A shadow imp (D:5)
  7 giant mites
  5 worms
  An ooze (D:4)
  165 orcs
  A ball python (D:5)
  2 bat skeletons
  21 hobgoblins
  6 jackals
  10 quokkas
  25 bats
  4 giant cockroaches
  3 giant geckos
  3 giant newts
  A giant spore (D:6)
  3 gnoll skeletons (Ossuary)
  28 goblins
  2 goblin skeletons (Ossuary)
  28 kobolds
  2 kobold skeletons (Ossuary)
  An orc skeleton (Ossuary)
  A quokka skeleton (D:5)
  16 rats
  11 rat skeletons (Ossuary)
  A spectral orc (D:8)
  2 ballistomycetes (D:10)
  14 fungi
  5 plants
2624 creatures vanquished.

Vanquished Creatures (others)
  A fire giant (Vaults:5)
  A deep troll shaman (Vaults:5)
  An unseen horror (Vaults:1)
  A deep troll (Vaults:5)
  A necromancer (Vaults:2)
  A spiny frog (Swamp:5)
  A raven (D:14)
  A blink frog (Swamp:5)
  A spectral swamp dragon (Swamp:5)
  A bog body (Swamp:5)
  A human (Spider:2)
  A redback (Vaults:2)
  3 spriggans
  2 swamp drakes (Swamp:5)
  3 wasps (Swamp:5)
  2 ogres
  A lost soul (Elf:3)
  An orc wizard (D:7)
  An orc (Orc:4)
  A giant spore (D:10)
  6 fungi
  4 plants
36 creatures vanquished.

Grand Total: 2660 creatures vanquished

Notes
Turn   | Place    | Note
--------------------------------------------------------------
     0 | D:1      | ztt, the Minotaur Fighter, began the quest for the Orb.
     0 | D:1      | Reached XP level 1. HP: 19/19 MP: 1/1
   163 | D:1      | Reached skill level 4 in Armour
   163 | D:1      | Reached XP level 2. HP: 16/27 MP: 1/1
   228 | D:1      | You fall through a shaft!
   315 | D:2      | Found an ancient bone altar of Kikubaaqudgha.
   693 | D:2      | Reached XP level 3. HP: 26/33 MP: 2/2
   810 | D:2      | Found an iron altar of Okawaru.
   824 | D:2      | Became a worshipper of Warmaster Okawaru
   851 | D:2      | Noticed Ijyb
   868 | D:2      | Killed Ijyb
   868 | D:2      | Reached XP level 4. HP: 29/40 MP: 2/2
  1005 | D:2      | Found a burning altar of Makhleb.
  1341 | D:3      | Reached skill level 1 in Dodging
  1389 | D:3      | Reached skill level 5 in Armour
  1389 | D:3      | Reached XP level 5. HP: 40/46 MP: 2/2
  1453 | D:3      | Noticed Terence
  1462 | D:3      | Killed Terence
  1701 | D:3      | Found a glowing silver altar of Zin.
  1701 | D:3      | Noticed an angel
  1858 | D:4      | Found a shattered altar of Ashenzari.
  1882 | D:4      | Noticed Robin
  1903 | D:4      | Killed Robin
  1903 | D:4      | Reached XP level 6. HP: 31/53 MP: 3/3
  2122 | D:4      | Noticed Edmund
  2138 | D:4      | Killed Edmund
  2138 | D:4      | Acquired Okawaru's first power
  2138 | D:4      | Reached skill level 5 in Shields
  2183 | D:4      | Noticed an orc warrior
  2651 | D:4      | Noticed Duvessa
  2660 | D:4      | Noticed Dowan
  2670 | D:4      | Killed Duvessa
  2670 | D:4      | Reached skill level 5 in Fighting
  2670 | D:4      | Reached skill level 6 in Armour
  2687 | D:4      | Killed Dowan
  2687 | D:4      | Reached XP level 7. HP: 21/61 MP: 3/3
  2961 | D:4      | Killed an orc warrior
  3161 | D:5      | Entered Level 5 of the Dungeon
  3219 | D:5      | Reached skill level 5 in Axes
  3310 | D:5      | Found a sacrificial altar of Ru.
  3485 | D:5      | Found a sand-covered staircase.
  3502 | D:5      | Reached XP level 8. HP: 39/70 MP: 3/3
  3505 | Ossuary  | Entered an ossuary
  4081 | D:5      | Reached skill level 7 in Armour
  4602 | D:6      | Noticed SaintRoka's ghost (experienced NaCK)
  4621 | D:6      | Found a bloodstained altar of Trog.
  5037 | D:6      | Found a radiant altar of Vehumet.
  5118 | D:6      | Reached XP level 9. HP: 73/79 MP: 4/4
  5307 | D:6      | Killed SaintRoka's ghost
  5307 | D:6      | Reached skill level 8 in Armour
  6176 | D:7      | Reached skill level 9 in Armour
  6368 | D:7      | Found a runed door.
  6390 | D:7      | Found a runed door.
  6411 | D:7      | Acquired Okawaru's second power
  6751 | D:7      | Found a staircase to the Ecumenical Temple.
  7035 | D:8      | Found a basalt altar of Yredelemnul.
  7038 | D:8      | Reached XP level 10. HP: 90/90 MP: 4/4
  7071 | D:8      | Noticed Vojta's ghost (experienced DDHu)
  7087 | D:8      | Killed Vojta's ghost
  7087 | D:8      | Received a gift from Okawaru
  7557 | D:9      | Noticed Erolcha
  7565 | D:9      | Killed Erolcha
  7591 | D:9      | Reached skill level 10 in Shields
  7684 | D:9      | Found a stormy altar of Qazlal.
  7770 | D:9      | Noticed Uberwunderbarhen's ghost (experienced OpTm)
  7794 | D:9      | Killed Uberwunderbarhen's ghost
  7794 | D:9      | Reached skill level 10 in Armour
  8046 | D:9      | Reached skill level 1 in Stealth
  8073 | D:9      | Found a staircase to the Orcish Mines.
  8125 | D:9      | Received a gift from Okawaru
  8309 | D:10     | Entered Level 10 of the Dungeon
  8332 | D:10     | Reached skill level 10 in Axes
  8633 | D:10     | Reached skill level 10 in Fighting
  8633 | D:10     | Reached XP level 11. HP: 99/99 MP: 4/4
  8673 | D:10     | Noticed a hill giant
  8683 | D:10     | Killed a hill giant
  8735 | D:10     | Noticed a hill giant
  8743 | D:10     | Killed a hill giant
  8761 | D:10     | Reached skill level 11 in Shields
  9293 | D:11     | Got a fine morningstar
  9294 | D:11     | Identified the cursed +0 morningstar "Vikhliusch" {antimagic, rF+ rN+ Dex+3} (You found it on level 11 of the Dungeon)
  9351 | D:11     | Received a gift from Okawaru
  9495 | D:11     | Received a gift from Okawaru
  9511 | D:11     | Found a staircase to the Lair.
  9725 | D:11     | Found Nazoqufium's Book Shoppe.
  9755 | D:11     | Reached skill level 5 in Dodging
  9758 | D:11     | Reached skill level 12 in Axes
  9959 | D:11     | Noticed Vojta's ghost (experienced DDWr)
  9965 | D:11     | Killed Vojta's ghost
 10028 | D:11     | Reached XP level 12. HP: 43/110 MP: 5/5
 10668 | Lair:1   | Entered Level 1 of the Lair of Beasts
 11223 | Lair:1   | Noticed a four-headed hydra
 11240 | Lair:1   | Killed a six-headed hydra
 11804 | Lair:2   | Reached skill level 13 in Axes
 11863 | Lair:2   | Received a gift from Okawaru
 12181 | Lair:2   | Noticed an eight-headed hydra
 12194 | Lair:2   | Killed an eight-headed hydra
 12448 | Lair:2   | Noticed a six-headed hydra
 12459 | Lair:2   | Killed a six-headed hydra
 12912 | Lair:3   | Noticed Gastronok
 12912 | Lair:3   | Noticed gornard's ghost (powerful MfIE)
 12983 | Lair:3   | Killed gornard's ghost
 13222 | Lair:3   | Received a gift from Okawaru
 13257 | Lair:3   | Killed Gastronok
 13432 | Lair:3   | Found a staircase to the Swamp.
 13433 | Lair:3   | Noticed an eight-headed hydra
 13441 | Lair:3   | Killed an eight-headed hydra
 13441 | Lair:3   | Reached XP level 13. HP: 74/119 MP: 5/5
 13609 | Lair:3   | Reached skill level 14 in Axes
 14866 | Lair:4   | Found a hole to the Spider Nest.
 14907 | Lair:4   | Received a gift from Okawaru
 14910 | Lair:4   | Got a smoking plate armour {god gift}
 14921 | Lair:4   | Identified the +10 plate armour of the Blue Moon {rPois rF+ rC- MP+9 SInv} (Okawaru gifted it to you on level 4 of the Lair of Beasts)
 15715 | Lair:5   | Noticed Rupert
 15721 | Lair:5   | Paralysed by Rupert for 2 turns
 15738 | Lair:5   | Killed Rupert
 15738 | Lair:5   | Reached skill level 15 in Axes
 16679 | Lair:6   | Reached XP level 14. HP: 118/130 MP: 6/6
 16928 | Lair:6   | Received a gift from Okawaru
 17252 | Lair:6   | Reached skill level 16 in Axes
 18657 | Lair:7   | Reached skill level 15 in Shields
 18999 | Lair:7   | Reached skill level 15 in Fighting
 19080 | Lair:7   | Identified a scroll of acquirement
 19431 | Lair:8   | Entered Level 8 of the Lair of Beasts
 19472 | Lair:8   | Found a staircase to the Slime Pits.
 19473 | Lair:8   | Found a viscous altar of Jiyva.
 19605 | Lair:8   | Received a gift from Okawaru
 19823 | Lair:8   | Reached skill level 17 in Axes
 19886 | Lair:8   | Reached XP level 15. HP: 125/141 MP: 7/7
 19905 | Lair:8   | Received a gift from Okawaru
 20524 | Lair:8   | Got a scorched graven amulet
 20534 | Lair:8   | Got a pair of distressingly furry gloves
 20540 | Lair:8   | Identified the +0 pair of gloves of Valour {rN+} (You found it on level 8 of the Lair of Beasts)
 20540 | Lair:8   | Identified the amulet of the Wild Haggis {Clar rN+ Dex+2 Slay-2} (You found it on level 8 of the Lair of Beasts)
 20790 | Swamp:1  | Entered Level 1 of the Swamp
 20864 | Swamp:1  | Reached skill level 1 in Evocations
 20906 | Swamp:1  | Received a gift from Okawaru
 21419 | Swamp:2  | Reached skill level 18 in Axes
 21513 | Swamp:2  | Noticed Wiglaf
 21538 | Swamp:2  | Killed Wiglaf
 21643 | Swamp:2  | Got a faintly humming shield
 21654 | Swamp:2  | Identified the cursed -3 shield of the Sky {rCorr Dex+7} (You took it off Wiglaf on level 2 of the Swamp)
 21708 | Swamp:2  | Received a gift from Okawaru
 23374 | Swamp:4  | Reached XP level 16. HP: 88/152 MP: 16/16
 23746 | Swamp:5  | Entered Level 5 of the Swamp
 24420 | Swamp:4  | Received a gift from Okawaru
 25213 | Swamp:5  | Reached skill level 19 in Axes
 25246 | Swamp:5  | Reached skill level 5 in Evocations
 25918 | Swamp:5  | Noticed a bone dragon
 25943 | Swamp:5  | Killed a bone dragon
 25963 | Swamp:5  | Got a decaying rune of Zot
 26649 | Spider:1 | Entered Level 1 of the Spider Nest
 26649 | Spider:1 | Noticed Sonja
 26653 | Spider:1 | Noticed Kirke
 26664 | Spider:1 | Killed Kirke
 26809 | Spider:1 | Killed Sonja
 27420 | Spider:2 | Received a gift from Okawaru
 28078 | Spider:3 | Reached XP level 17. HP: 146/161 MP: 22/22
 30628 | Spider:4 | Received a gift from Okawaru
 30779 | Spider:5 | Entered Level 5 of the Spider Nest
 30804 | Spider:5 | Reached skill level 20 in Axes
 31837 | Spider:5 | Received a gift from Okawaru
 32972 | Spider:5 | Got a gossamer rune of Zot
 33533 | Orc:1    | Entered Level 1 of the Orcish Mines
 33996 | Orc:4    | Entered Level 4 of the Orcish Mines
 34096 | Orc:4    | Received a gift from Okawaru
 34107 | Orc:4    | Found Ghaj's Assorted Antiques.
 34113 | Orc:4    | Reached XP level 18. HP: 143/171 MP: 26/26
 34161 | Orc:4    | Found Rushut's Book Boutique.
 34164 | Orc:4    | Found Xunef's Antique Weapon Shoppe.
 34190 | Orc:4    | Found Shrafusch's Book Shop.
 34228 | Orc:4    | Bought a bloodstained broad axe for 369 gold pieces
 34230 | Orc:4    | Identified the +6 broad axe "Yppa" {antimagic, +Inv Int+4} (You bought it in a shop on level 4 of the Orcish Mines)
 34434 | Orc:4    | Found a staircase to the Elven Halls.
 34650 | Elf:1    | Entered Level 1 of the Elven Halls
 35939 | Elf:2    | Found a runed gate.
 35948 | Elf:2    | Found a runed gate.
 35949 | Elf:2    | Found a runed gate.
 36012 | Elf:2    | Reached skill level 21 in Axes
 36494 | Elf:2    | Reached skill level 10 in Evocations
 36634 | Elf:3    | Entered Level 3 of the Elven Halls
 37390 | Elf:3    | Reached skill level 15 in Armour
 37441 | Elf:3    | Received a gift from Okawaru
 37480 | Elf:3    | Cast into the Abyss (a deep elf demonologist)
 37642 | Elf:3    | Escaped the Abyss
 37663 | Elf:3    | Reached skill level 1 in Invocations
 38008 | Elf:3    | Got a slimy lapis lazuli ring
 38009 | Elf:3    | Identified the ring of Putsyngi {MR++ Str+4 Dex+6 Stlth-} (You took it off a deep elf sorcerer on level 3 of the Elven Halls)
 38016 | Elf:3    | Got a pitted broad axe
 38017 | Elf:3    | Identified the +8 broad axe of Sugafes {vamp, rPois rC- Dex+2} (You took it off a deep elf sorcerer on level 3 of the Elven Halls)
 38086 | Elf:3    | Reached XP level 19. HP: 179/181 MP: 12/28
 38131 | Elf:3    | Got a jewelled battleaxe
 38141 | Elf:3    | Identified the +6 battleaxe of Bucus {antimagic, *Rage rElec Int+3} (You found it on level 3 of the Elven Halls)
 38178 | Elf:3    | Got a pair of fine gloves
 38189 | Elf:3    | Identified the +1 pair of gloves "Bifi" {rCorr Dex+7} (You found it on level 3 of the Elven Halls)
 38606 | D:12     | Found a runed door.
 38662 | D:12     | Found an opulent altar of Gozag.
 38675 | D:12     | Found a white marble altar of Elyvilon.
 38701 | D:12     | Found a shimmering altar of Xom.
 38714 | D:12     | Found an ancient bone altar of Kikubaaqudgha.
 38745 | D:12     | Found a deep blue altar of Sif Muna.
 38765 | D:12     | Found a shattered altar of Ashenzari.
 38916 | D:12     | Noticed Fannar
 38928 | D:12     | Killed Fannar
 39310 | D:13     | Noticed Psyche
 39317 | D:13     | Killed Psyche
 39634 | D:13     | Received a gift from Okawaru
 39649 | D:13     | Got an ichor-stained broad axe {god gift}
 39650 | D:13     | Identified the +7 broad axe of Autotheism {chop, *Rage rN+ Int+5} (Okawaru gifted it to you on level 13 of the Dungeon)
 39872 | D:14     | Found a gate to the Vaults.
 39882 | D:14     | Reached skill level 22 in Axes
 40087 | D:14     | Found a corrupted altar of Lugonu.
 40816 | Vaults:1 | Entered Level 1 of the Vaults
 41130 | Vaults:1 | Noticed Saint Roka
 41146 | Vaults:1 | Killed Saint Roka
 41146 | Vaults:1 | Received a gift from Okawaru
 42360 | Vaults:2 | Noticed Mara
 42380 | Vaults:2 | Noticed ztt's illusion
 42381 | Vaults:2 | Killed Mara
 42419 | Vaults:2 | Reached XP level 20. HP: 191/191 MP: 30/30
 42420 | Vaults:2 | Reached skill level 23 in Axes
 42442 | Vaults:2 | Found a staircase to the Crypt.
 42581 | Vaults:2 | Received a gift from Okawaru
 43305 | Vaults:2 | Received a gift from Okawaru
 43478 | Vaults:2 | Found Jymi's Gadget Shop.
 43690 | Vaults:3 | Received a gift from Okawaru
 43713 | Vaults:3 | Noticed Asterion
 43726 | Vaults:3 | Killed Asterion
 43820 | Vaults:3 | Noticed Jory
 43843 | Vaults:3 | Killed Jory
 44401 | Vaults:3 | Found Woegoung's Food Emporium.
 44781 | Vaults:3 | Received a gift from Okawaru
 45213 | Vaults:3 | Reached skill level 24 in Axes
 45468 | Vaults:4 | Reached XP level 21. HP: 183/201 MP: 32/32
 45783 | Vaults:4 | Received a gift from Okawaru
 46514 | Vaults:5 | Entered Level 5 of the Vaults
 46532 | Vaults:5 | Received a gift from Okawaru
 46650 | Vaults:5 | Received a gift from Okawaru
 46657 | Vaults:5 | Reached skill level 25 in Axes
 46871 | Vaults:5 | Noticed an ancient lich
 46887 | Vaults:5 | Killed an ancient lich
 47030 | Vaults:5 | Received a gift from Okawaru
 47059 | Vaults:5 | Reached XP level 22. HP: 211/211 MP: 33/33
 47115 | Vaults:5 | Got a silver rune of Zot
 47129 | Vaults:5 | Got a translucent tin amulet
 47130 | Vaults:5 | Identified the amulet "Sich" {Spirit rF+ Dex+4} (You found it on level 5 of the Vaults)
 47216 | Vaults:5 | Received a gift from Okawaru
 47508 | Vaults:5 | Noticed an ancient lich
 47529 | Vaults:5 | Killed an ancient lich
 48098 | Vaults:5 | Got a bound glass ring
 48127 | Vaults:5 | Received a gift from Okawaru
 48136 | Vaults:5 | Reached skill level 26 in Axes
 48259 | Vaults:5 | Identified the ring of the Dozen Wonders {Wiz +Inv Str+4 Dex-3} (You took it off a deep elf annihilator on level 5 of the Vaults)
 48409 | Vaults:5 | Identified Cigotuvi's Reference Book on Stolen Souls
 48965 | D:15     | Entered Level 15 of the Dungeon
 48994 | D:15     | Noticed Louise
 49002 | D:15     | Killed Louise
 49031 | D:15     | Found Pal Aqa's Elemental Accessories.
 49046 | D:15     | Reached skill level 15 in Evocations
 49092 | D:15     | Found a shadowy altar of Dithmenos.
 49129 | D:15     | Found an ancient bone altar of Kikubaaqudgha.
 49561 | D:15     | Found a staircase to the Depths.
 49924 | Depths:1 | Entered Level 1 of the Depths
 49929 | Depths:1 | Received a gift from Okawaru
 50057 | Depths:1 | Found a gateway to Hell.
 50514 | Depths:1 | Reached XP level 23. HP: 180/222 MP: 34/34
 50912 | Depths:1 | Found a sparkling altar of Nemelex Xobeh.
 51194 | Depths:1 | Lost intelligence.
 51309 | Depths:1 | Noticed Sojobo
 51361 | Depths:1 | Killed Sojobo
 51552 | Depths:2 | Received a gift from Okawaru
 51572 | Depths:2 | HP: 10/223 [hell beast[a lich] (5)]
 51578 | Depths:2 | HP: 5/223 [dire elephant[a lich] (9)]
 51579 | Depths:2 | HP: 2/223 [dire elephant[a lich] (4)]
 51579 | Depths:2 | Mangled by a spriggan rider

Action                   |  1- 3 |  4- 6 |  7- 9 | 10-12 | 13-15 | 16-18 | 19-21 | 22-24 || total
-------------------------+-------+-------+-------+-------+-------+-------+-------+-------++-------
Melee: War axe           |    59 |   146 |   451 |    26 |       |       |       |       ||   682
       Broad axe         |       |       |       |   655 |  1307 |  1952 |  1588 |   876 ||  6378
       Mace              |       |       |       |    42 |   166 |    50 |       |       ||   258
Invok: Heroism           |       |       |       |     1 |     2 |     2 |     2 |       ||     7
       Finesse           |       |       |       |       |       |     2 |     2 |       ||     4
 Abil: Evoke Flight      |       |       |       |       |       |     1 |       |       ||     1
Evoke: Wand              |       |       |       |       |       |     9 |       |       ||     9
  Use: Scroll            |     4 |     6 |     7 |    14 |    15 |    20 |    10 |     6 ||    82
       Potion            |       |       |     3 |     4 |     2 |    10 |     3 |     8 ||    30
 Stab: Distracted        |       |       |       |     1 |       |       |     1 |       ||     2
       Confused          |       |       |       |       |       |     1 |       |       ||     1
  Eat: Bread ration      |       |     1 |     1 |       |     2 |     1 |       |       ||     5
       Fruit             |       |     2 |     2 |    10 |    11 |     4 |     8 |     7 ||    44
       Chunk             |       |       |     3 |     7 |     8 |     4 |    16 |     4 ||    42
       Meat ration       |       |       |     1 |     1 |       |     6 |     2 |     2 ||    12
       Royal jelly       |       |       |     1 |     1 |       |     1 |     1 |       ||     4
       Pizza             |       |       |       |       |     2 |     2 |     1 |       ||     5
       Beef jerky        |       |       |       |       |     3 |     3 |     2 |     1 ||     9
